 Dungeon Crawl Stone Soup version 0.21.1-1-g345015f (webtiles) character file.

203 Lapis the Chiller (level 5, 31/31 HPs)
             Began as an Octopode Ice Elementalist on Feb 6, 2018.
             Was an Initiate of Cheibriados.
             Got out of the dungeon alive.
             The game lasted 00:09:10 (3398 turns).

Lapis the Chiller (Octopode Ice Elementalist)       Turns: 3398, Time: 00:09:11

Health: 31/31      AC:  1    Str:  9    XL:     5   Next: 81%
Magic:  10/10      EV: 14    Int: 19    God:    Cheibriados [......]
Gold:   47         SH:  0    Dex: 13    Spells: 1/11 levels left

rFire    . . .     SeeInvis .   c - +1 dagger (pain)
rCold    . . .     Gourm    .   (no shield)
rNeg     . . .     Faith    .   (helmet restricted)
rPois    .         Spirit   .   j - amulet of regeneration
rElec    .         Reflect  .   (no ring)
rCorr    .         Harm     .   (no ring)
MR       .....                  (no ring)
Stlth    +++.......             (no ring)
HPRegen  0.50/turn              (no ring)
MPRegen  0.12/turn              (no ring)
                                (no ring)
                                (no ring)

@: very slow
A: almost no armour, stealthy swim, amphibious, 8 rings, constrict 8, camouflage
1, gelatinous body 1
a: Bend Time, Renounce Religion


You escaped.
You worshipped Cheibriados.
Cheibriados was noncommittal.
You were near starving.

You visited 1 branch of the dungeon, and saw 3 of its levels.

You collected 47 gold pieces.

Inventory:

Hand Weapons
 c - a +1 dagger of pain (weapon)
 d - a +0 short sword
 e - a +0 dagger
Missiles
 l - 3 javelins (quivered)
Jewellery
 j - an amulet of regeneration (around mantle)
Scrolls
 f - 3 scrolls of identify {unknown}
 g - a scroll of blinking {unknown}
 h - 2 scrolls of fear {unknown}
 i - 2 scrolls of fog {unknown}
 k - 3 scrolls of remove curse {unknown}
 m - a scroll of magic mapping {unknown}
Books
 a - a book of Frost

   Spells                             Type                      Level
   a - Freeze                         Ice                          1
   b - Throw Frost                    Conjuration/Ice              2
   c - Ozocubu's Armour               Charms/Ice                   3
   d - Throw Icicle                   Conjuration/Ice              4
   e - Summon Ice Beast               Ice/Summoning                4
 n - a book of Misfortune

   Spells                             Type                      Level
   a - Confusing Touch                Hexes                        1
   b - Confuse                        Hexes                        3
   c - Gell's Gravitas                Translocation                3
   d - Petrify                        Transmutation/Earth          4
   e - Metabolic Englaciation         Hexes/Ice                    5
   f - Yara's Violent Unravelling     Hexes/Transmutation          5
Comestibles
 b - 4 rations


   Skills:
 - Level 0.1 Fighting
 * Level 2.6 Dodging
 - Level 3.0 Stealth
 * Level 3.6 Spellcasting
 * Level 1.6 Conjurations
 - Level 1.0 Charms
 + Level 4.3 Ice Magic
 * Level 0.3 Invocations


You had one spell level left.
You knew the following spells:

 Your Spells              Type           Power        Failure   Level  Hunger
a - Freeze                Ice            ###.         2%          1    None
b - Throw Frost           Conj/Ice       ##....       6%          2    ##.....
c - Ozocubu's Armour      Chrm/Ice       ##......     14%         3    ###....
d - Throw Icicle          Conj/Ice       ##......     38%         4    ####...


Dungeon Overview and Level Annotations

Branches:
Dungeon (3/15)

Altars:
Cheibriados
Dithmenos
Trog
Vehumet


Innate Abilities, Weirdness & Mutations

You cannot wear most types of armour.
You are very stealthy in the water. (Stealth+)
You are amphibious.
You can wear up to eight rings at the same time.
You can use your tentacles to constrict eight enemies at once.
Your skin changes colour to match your surroundings (Stealth+).
Your rubbery body absorbs attacks. (AC +1, EV +1)


Message History

Things that are here:
a club; a goblin skeleton Done exploring.
Done exploring.
Done exploring.
You are near starving!
You see here a club.
There is a stone staircase leading down here.
Okay, then.
There is a stone staircase leading up here.
You climb upwards.
There is a stone staircase leading down here.
You see here a dagger.
There is a stone staircase leading up here.
You climb upwards.
There is a stone staircase leading down here.
There is an empty arch of ancient stone here.
There is a staircase leading out of the dungeon here.
Are you sure you want to leave the Dungeon?
This will make you lose the game!
You have escaped!

'#+#.........# #..#.....#.#.# #
........)....# #..#####.#.#.###
..†........#.#####............##.
.........................).....÷.
...........##.##################.
.........(.##..# #...........# ##
...........###.###.8.♣.8.♣.8.## #
...........# #.##.............###
...........# #.#@.≈≈≈≈≈≈≈≈≈≈≈.∩..
...........###.##....[........###
................##.8.♣.8.♣.8.##..
########......#..#...........#..#
#......##.#############.##
#......##...............#
##########'###########..########
.................).....>#
....)............########


There were no monsters in sight!

Vanquished Creatures
  A crimson imp (D:2)
  A bullfrog skeleton (D:2)
  A worker ant zombie (D:3)
  A gnoll (D:1)
  4 adders
  3 worms
  A dart slug (D:2)
  2 leopard geckos
  An orc (D:3)
  6 giant cockroaches
  15 goblins
  10 hobgoblins
  3 jackals (D:1)
  7 bats
  6 frilled lizards
  5 kobolds
  8 rats
75 creatures vanquished.

Notes
Turn   | Place    | Note
-------+----------+-------------------------------------------
     0 | D:1      | Lapis the Octopode Ice Elementalist began the quest for the Orb.
     0 | D:1      | Reached XP level 1. HP: 11/11 MP: 3/3
   276 | D:1      | Reached XP level 2. HP: 14/17 MP: 0/5
   284 | D:1      | Learned a level 2 spell: Throw Frost
   636 | D:1      | Reached XP level 3. HP: 21/21 MP: 4/6
   743 | D:1      | Learned a level 3 spell: Ozocubu's Armour
  1090 | D:2      | Found a shadowy altar of Dithmenos.
  1177 | D:2      | Reached XP level 4. HP: 24/27 MP: 4/8
  1510 | D:2      | Reached skill level 4 in Ice Magic
  1751 | D:2      | Reached XP level 5. HP: 5/31 MP: 1/9
  2323 | D:2      | Found a bloodstained altar of Trog.
  2432 | D:2      | Learned a level 4 spell: Throw Icicle
  2524 | D:3      | Reached skill level 1 in Charms
  2588 | D:3      | Found a snail-covered altar of Cheibriados.
  2603 | D:3      | Became a worshipper of Cheibriados the Contemplative
  2784 | D:3      | Found a radiant altar of Vehumet.
  3398 | D:$      | Got out of the dungeon alive.

Skill      XL: |  1  2  3  4  5 |
---------------+----------------+-----
Stealth        | 3 |  3.0
Ice Magic      | 4 |  4.3
Spellcasting   | 3 |  3.6
Charms         | 1 |  1.0
Fighting       | |  0.1
Dodging        | |  2.6
Conjurations   | |  1.6
Invocations    | |  0.3

Action                   |  1- 3 |  4- 6 || total
-------------------------+-------+-------++-------
Melee: Dagger            |    29 |    68 ||    97
       Constrict         |    10 |    19 ||    29
       Short sword       |     2 |       ||     2
       Tentacles         |     6 |    14 ||    20
 Cast: Freeze            |    24 |    17 ||    41
       Throw Frost       |     4 |     5 ||     9
       Ozocubu's Armour  |     1 |     8 ||     9
  Use: Potion            |       |     2 ||     2
 Stab: Sleeping          |     8 |    10 ||    18
  Eat: Chunk             |     1 |     7 ||     8
Armor: Skin              |     5 |    14 ||    19
Dodge: Dodged            |    24 |    45 ||    69
